[Event "Titled Tuesday Blitz December 20 Early 2022"]
[White "Midgardsormur"]
[Black "AsaHoffmann"]
[WhiteElo "2460"]
[BlackElo "2376"]
[Result "0-1"]
[Round "07"]
[TimeControl "180+2"]
[Date "2022.12.20"]
[WhiteClock "0:00:02"]
[BlackClock "0:00:47"]

1. Nf3 d6 2. c4 e5 3. d4 Nd7 4. Nc3 Ngf6 5. e4 c6 6. Be2 Be7 7. O-O O-O 8. h3 Re8 9. d5 Nc5 10. Nd2 a5 11. b3 Nfd7 12. Bb2 Bg5 13. Nf3 Bh6 14. Bc1 Bxc1 15. Rxc1 Nf6 16. Nd2 Qe7 17. a3 Bd7 18. b4 axb4 19. axb4 Na6 20. Qb3 c5 21. b5 Nb4 22. Ra1 h5 23. Na4 Qd8 24. Nc3 Qc7 25. Rxa8 Rxa8 26. f4 exf4 27. Rxf4 Ra1+ 28. Rf1 Rxf1+ 29. Nxf1 Qd8 30. Qd1 Qe7 31. Bf3 Qe5 32. Qd2 g5 33. Ne3 Qd4 34. Nb1 Nd3 35. Kh1 Ne5 36. Qxd4 cxd4 37. Nc2 d3 38. Nb4 g4 39. hxg4 hxg4 40. Bd1 Nxe4 41. Kg1 Bf5 42. Na2 g3 43. Nac3 Nxc4 44. Nxe4 Bxe4 45. Nc3 f5 46. Kf1 Ne3+ 47. Kg1 Nxd5 48. Nxd5 Bxd5 49. Kf1 b6 50. Ke1 Bc4 51. Kd2 Bxb5 52. Bf3 Kg7 53. Ke3 Kf6 54. Kf4 d2 55. Kxg3 Ke5 56. Kf2 Ba4 57. Ke3 d1=R 58. Bxd1 Bxd1 59. Kf2 d5 60. g3 d4 61. Kg2 Bg4 62. Kf2 Ke4 0-1


[Site "https://www.chess.com"]

[Event "Titled Tuesday Blitz December 20 Early 2022"]
[White "Mikhail_Bryakin"]
[Black "Mac Intyre, Paul"]
[BlackFideId "2014505"]
[WhiteElo "2765"]
[BlackElo "2246"]
[Result "1-0"]
[Round "07"]
[TimeControl "180+2"]
[Date "2022.12.20"]
[WhiteClock "0:00:43"]
[BlackClock "0:00:09"]

1. c4 g6 2. g3 Bg7 3. Bg2 Nf6 4. Nf3 O-O 5. O-O d6 6. b3 e5 7. Bb2 Nc6 8. d3 Bg4 9. Nbd2 Qd7 10. a3 a5 11. Bc3 Rfe8 12. Qc2 d5 13. cxd5 Nxd5 14. Bb2 Nd4 15. Qd1 c5 16. Rc1 b6 17. a4 Rad8 18. Nc4 Nxf3+ 19. Bxf3 Bxf3 20. exf3 Qc6 21. Qe2 Nb4 22. Rfd1 Rd5 23. Bc3 Red8 24. Bxb4 axb4 25. Qe4 Qe6 26. Kg2 f5 27. Qe2 Rd4 28. f4 e4 29. dxe4 fxe4 30. Re1 Qc6 31. Ne3 Rd2 32. Qc4+ Kh8 33. Red1 Rxd1 34. Rxd1 Rxd1 35. Nxd1 e3+ 36. Kf1 exf2 37. Nxf2 Bd4 38. Qf7 h5 39. Qf8+ Kh7 40. Qe7+ Kh6 41. g4 Bg7 42. g5+ Kh7 43. Ne4 Kg8 44. Ke2 c4 45. Nf6+ Bxf6 46. gxf6 Qg2+ 47. Ke3 Qg1+ 48. Ke4 Qe1+ 49. Kd4 Qxe7 50. fxe7 Kf7 51. Kxc4 Kxe7 52. Kxb4 Kf6 53. Kb5 Kf5 54. Kxb6 Kxf4 55. a5 g5 56. a6 g4 57. a7 h4 58. a8=Q g3 59. hxg3+ Kxg3 60. Qh1 1-0


[Site "https://www.chess.com"]

[Event "Titled Tuesday Blitz December 20 Early 2022"]
[White "Mikusinski, Bartosz"]
[Black "Benamar, Benious"]
[WhiteFideId "1111256"]
[BlackFideId "45118841"]
[WhiteElo "2090"]
[BlackElo "1136"]
[Result "0-1"]
[Round "07"]
[TimeControl "180+2"]
[Date "2022.12.20"]
[WhiteClock "0:00:03"]
[BlackClock "0:00:03"]

1. e4 d6 2. d4 Nf6 3. Nc3 c6 4. Nf3 Bg4 5. Be2 e6 6. Bf4 d5 7. e5 Nfd7 8. Qd2 c5 9. dxc5 Nc6 10. O-O-O Bxc5 11. Ne1 Ndxe5 12. Bxg4 Nxg4 13. Nd3 Be7 14. h3 Nf6 15. g4 Qa5 16. Kb1 O-O-O 17. Rhe1 d4 18. Ne2 Qxd2 19. Rxd2 h5 20. g5 Ne4 21. Rdd1 Nxg5 22. Ng1 h4 23. Ne5 Nxe5 24. Rxe5 Nh7 25. Ra5 a6 26. Nf3 Bf6 27. Rc5+ Kd7 28. Rc7+ Ke8 29. Rxb7 Nf8 30. Be5 Rh5 31. Bxf6 gxf6 32. Rxd4 Rxd4 33. Nxd4 Rd5 34. c3 Ng6 35. Kc2 Nf4 36. Nc6 Nxh3 37. Rb4 Rh5 38. f3 Ng5 39. f4 Nf3 40. Rb8+ Kd7 41. Nb4 h3 42. Rb7+ Kc8 43. Rxf7 h2 44. Nc6 h1=Q 45. Na7+ Kd8 46. Nc6+ Ke8 47. Re7+ Kf8 48. Rxe6 Qg2+ 49. Kb3 Nd2+ 50. Ka3 Qd5 51. Rxf6+ Kg7 0-1


[Site "https://www.chess.com"]

[Event "Titled Tuesday Blitz December 20 Early 2022"]
[White "Mileo, Miguelito"]
[Black "Nau, Guenter"]
[WhiteFideId "851108"]
[BlackFideId "4661419"]
[WhiteElo "1721"]
[BlackElo "2205"]
[Result "1-0"]
[Round "07"]
[TimeControl "180+2"]
[Date "2022.12.20"]
[WhiteClock "0:01:57"]
[BlackClock "0:00:05"]

1. e4 c5 2. d4 cxd4 3. c3 d3 4. c4 Nc6 5. Nc3 g6 6. Bxd3 Bg7 7. Nge2 Nf6 8. O-O O-O 9. Bg5 h6 10. Bh4 d6 11. Re1 Be6 12. Rc1 Rc8 13. b3 a6 14. Nd5 g5 15. Bg3 Nh5 16. Bb1 Nxg3 17. Nxg3 Be5 18. Qh5 Kg7 19. Nf5+ Bxf5 20. exf5 Bf6 21. Rcd1 Qa5 22. Re3 Rh8 23. h4 gxh4 24. Nxf6 exf6 25. Qxh4 1-0


[Site "https://www.chess.com"]

[Event "Titled Tuesday Blitz December 20 Early 2022"]
[White "Mitrabha, Guha"]
[Black "Makswolf200817"]
[WhiteFideId "5057000"]
[WhiteElo "2507"]
[BlackElo "2651"]
[Result "0-1"]
[Round "07"]
[TimeControl "180+2"]
[Date "2022.12.20"]
[WhiteClock "0:00:00"]
[BlackClock "0:00:17"]

1. Nf3 d5 2. g3 Bg4 3. Bg2 c6 4. O-O e6 5. c4 Nf6 6. d4 Nbd7 7. Nc3 Bd6 8. Qb3 Qc8 9. Bg5 O-O 10. Rac1 h6 11. Bxf6 Nxf6 12. Rfe1 Re8 13. Ne5 Bh5 14. cxd5 exd5 15. f4 Bc7 16. e3 Nh7 17. e4 dxe4 18. Nxe4 Nf8 19. h3 Bb6 20. Qc4 Qd8 21. Nc5 Re7 22. g4 Bg6 23. f5 Bh7 24. Kh1 Qc7 25. Ncd3 Rd8 26. Re4 Kh8 27. Rce1 Bg8 28. Qc3 f6 29. Ng6+ Nxg6 30. fxg6 Red7 31. Nc5 Bxc5 32. dxc5 Bd5 33. Re8+ Bg8 0-1


[Site "https://www.chess.com"]

[Event "Titled Tuesday Blitz December 20 Early 2022"]
[White "Moh, Teng Keong Deon"]
[Black "Szpar, Milosz"]
[WhiteFideId "5700868"]
[BlackFideId "1184989"]
[WhiteElo "2215"]
[BlackElo "2447"]
[Result "0-1"]
[Round "07"]
[TimeControl "180+2"]
[Date "2022.12.20"]
[WhiteClock "0:02:00"]
[BlackClock "0:02:40"]

1. e4 c5 2. c4 Nc6 3. Nc3 g6 4. g3 Bg7 5. Bg2 e6 6. Rb1 Nge7 7. Nge2 O-O 8. O-O Nd4 9. a3 d5 10. exd5 exd5 11. Nxd4 cxd4 12. Nxd5 Bf5 13. Nxe7+ Qxe7 14. d3 Rfe8 15. Be4 Bxe4 16. Re1 Bf3 17. Rxe7 Bxd1 18. Rxb7 Bf3 0-1


[Site "https://www.chess.com"]

[Event "Titled Tuesday Blitz December 20 Early 2022"]
[White "Mohammed, Dilshad"]
[Black "Harry_Rakkel"]
[WhiteFideId "5050421"]
[WhiteElo "2103"]
[BlackElo "2611"]
[Result "0-1"]
[Round "07"]
[TimeControl "180+2"]
[Date "2022.12.20"]
[WhiteClock "0:00:06"]
[BlackClock "0:00:11"]

1. Nf3 Nf6 2. d4 e6 3. c4 b6 4. g3 Ba6 5. Qc2 Bb7 6. Bg2 c5 7. O-O cxd4 8. Nxd4 Bxg2 9. Kxg2 Qc8 10. Na3 Bxa3 11. bxa3 O-O 12. Bb2 Nc6 13. Nb5 Ne8 14. Rad1 Na5 15. Rd4 a6 16. Rh4 f5 17. Nd4 Nxc4 18. Kg1 b5 19. a4 Qb7 20. axb5 axb5 21. Ba1 Nf6 22. Nxb5 Qxb5 23. Rxc4 Nd5 24. a4 Qa6 25. Rc1 h6 26. Rd4 Rac8 27. Qd2 Rxc1+ 28. Qxc1 Qxe2 29. a5 f4 30. Rd2 Qb5 31. Ra2 Qb3 32. Ra3 Qb7 33. a6 Qa7 34. Qb2 d6 35. Qb7 Ra8 36. Rb3 Kh7 37. Bxg7 Qxb7 38. Rxb7 Rxa6 39. gxf4 Kg6 40. Bd4 Nxf4 41. h4 Ra4 42. Be3 Nd5 43. Bd2 Rg4+ 44. Kf1 Rxh4 45. Ke2 Re4+ 46. Kd1 Rd4 47. Ke2 h5 48. Rd7 h4 49. Kf1 Nf6 50. Bc3 Nxd7 51. Bxd4 Kf5 52. Be3 Kg4 53. Kg2 h3+ 54. Kh2 e5 55. Ba7 e4 56. Kg1 d5 57. Kh2 Ne5 58. Kg1 Nf3+ 59. Kh1 d4 60. Bb6 d3 61. Be3 d2 62. Bxd2 Nxd2 63. Kh2 Nf3+ 64. Kh1 Nh4 65. Kh2 Nf5 66. Kh1 Kf3 67. Kg1 Nd4 68. Kh2 Kxf2 0-1


[Site "https://www.chess.com"]

[Event "Titled Tuesday Blitz December 20 Early 2022"]
[White "Mone, Ved"]
[Black "Xiong, Jeffery"]
[WhiteFideId "25666290"]
[BlackFideId "2047640"]
[WhiteElo "1254"]
[BlackElo "2692"]
[Result "0-1"]
[Round "07"]
[TimeControl "180+2"]
[Date "2022.12.20"]
[WhiteClock "0:00:17"]
[BlackClock "0:00:55"]

1. e4 a6 2. a3 b5 3. d4 Bb7 4. Bd3 e6 5. Nf3 Nf6 6. Qe2 d5 7. e5 Nfd7 8. O-O c5 9. c3 Nc6 10. b4 c4 11. Bc2 a5 12. Bg5 Be7 13. Bxe7 Qxe7 14. Nbd2 O-O 15. h4 f6 16. exf6 gxf6 17. Rfe1 Rae8 18. Nf1 e5 19. dxe5 fxe5 20. Ng3 e4 21. Qd2 Nce5 22. Nd4 Qxh4 23. Ndf5 Qf6 24. bxa5 Nd3 25. Bxd3 cxd3 26. Rab1 Ne5 27. Rxb5 Nc4 28. Qf4 Bc6 29. Rc5 Kh8 30. a6 Ra8 31. Qc7 Rxa6 32. Nh5 Qf7 33. Qe5+ Nxe5 0-1


[Site "https://www.chess.com"]

[Event "Titled Tuesday Blitz December 20 Early 2022"]
[White "MusicCityMaster"]
[Black "Hanfin, Zahra Chumaira Amelia"]
[BlackFideId "7111983"]
[WhiteElo "2329"]
[BlackElo "2062"]
[Result "1-0"]
[Round "07"]
[TimeControl "180+2"]
[Date "2022.12.20"]
[WhiteClock "0:01:54"]
[BlackClock "0:01:34"]

1. e4 c5 2. Nf3 d6 3. d4 cxd4 4. Nxd4 Nf6 5. Nc3 Nc6 6. Bc4 Qb6 7. Nb3 e6 8. Qe2 a6 9. g4 h6 10. h4 Be7 11. Rg1 Qc7 12. g5 hxg5 13. hxg5 Nd7 14. g6 Nde5 15. gxf7+ Kxf7 16. Be3 b5 17. Bd5 exd5 18. Nxd5 Qb7 19. O-O-O Be6 20. f4 Nc4 21. Qg2 Bf6 22. Nxf6 gxf6 23. Qg7+ 1-0


[Site "https://www.chess.com"]

[Event "Titled Tuesday Blitz December 20 Early 2022"]
[White "Nakamura, Hikaru"]
[Black "bardiya_Daneshvar"]
[WhiteFideId "2016192"]
[WhiteElo "2775"]
[BlackElo "2903"]
[Result "1-0"]
[Round "07"]
[TimeControl "180+2"]
[Date "2022.12.20"]
[WhiteClock "0:01:15"]
[BlackClock "0:00:07"]

1. g3 d5 2. Bg2 e5 3. d3 Nf6 4. Nd2 c5 5. e4 d4 6. Nc4 Nc6 7. Nf3 Qc7 8. a4 h6 9. O-O Be6 10. c3 Bxc4 11. dxc4 Rd8 12. Qe2 g6 13. Ne1 Na5 14. Ra3 Bg7 15. f4 exf4 16. e5 Nh7 17. gxf4 O-O 18. Bd5 Nc6 19. cxd4 Nxd4 20. Qg2 Kh8 21. Rh3 Qd7 22. Nf3 Nf5 23. b3 Ne7 24. Be4 f5 25. Bc2 Qe6 26. Nh4 Rf7 27. Rg3 Nf8 28. Be3 b6 29. Kh1 Kh7 30. Rg1 Rc8 31. Bd1 Rd8 32. Bh5 Rd3 33. Nxg6 Nfxg6 34. Bxg6+ Nxg6 35. Rxg6 Qe7 36. e6 1-0


[Site "https://www.chess.com"]

[Event "Titled Tuesday Blitz December 20 Early 2022"]
[White "Narayanan, Srinath"]
[Black "Willychess95"]
[WhiteFideId "5018420"]
[WhiteElo "2559"]
[BlackElo "2661"]
[Result "1-0"]
[Round "07"]
[TimeControl "180+2"]
[Date "2022.12.20"]
[WhiteClock "0:00:16"]
[BlackClock "0:00:20"]

1. d4 f5 2. Nf3 Nf6 3. Bf4 e6 4. e3 d5 5. h3 c6 6. Nbd2 Be7 7. c4 O-O 8. Bd3 Bd7 9. O-O Be8 10. Rb1 Nbd7 11. b4 Bh5 12. c5 Ne4 13. Qc2 Bf6 14. b5 g5 15. Bh2 Rf7 16. bxc6 bxc6 17. Rb7 Rg7 18. Rfb1 g4 19. hxg4 Bxg4 20. Bxe4 fxe4 21. Ne5 Nxe5 22. Bxe5 Bxe5 23. dxe5 Qg5 24. Rb8+ Rxb8 25. Rxb8+ Kf7 26. Rb7+ Kg6 27. Rxg7+ Kxg7 28. Qb2 Bf3 29. Nxf3 exf3 30. g3 Qh5 31. Qb7+ Kh6 32. Qb8 Qf5 33. Qd8 Qxe5 34. Qf8+ Kg6 35. Qxf3 Qe4 36. Qf8 Qb1+ 37. Kg2 Qe4+ 38. Kh2 Qf5 39. Qe8+ Qf7 40. Qxf7+ Kxf7 41. f4 Kf6 42. g4 e5 43. Kg3 d4 44. exd4 exd4 45. Kf3 h5 46. gxh5 Kf5 47. h6 Kg6 48. Ke4 Kxh6 49. Kxd4 Kg6 50. Ke5 1-0


[Site "https://www.chess.com"]

[Event "Titled Tuesday Blitz December 20 Early 2022"]
[White "Nithisker, P"]
[Black "ChessShop"]
[WhiteFideId "33434786"]
[WhiteElo "2346"]
[BlackElo "2502"]
[Result "0-1"]
[Round "07"]
[TimeControl "180+2"]
[Date "2022.12.20"]
[WhiteClock "0:00:02"]
[BlackClock "0:00:03"]

1. d4 d6 2. e4 Nf6 3. Nc3 e5 4. Nge2 exd4 5. Nxd4 Be7 6. Be2 O-O 7. f4 Re8 8. O-O Nbd7 9. Bf3 Nf8 10. Be3 c6 11. Re1 Qc7 12. Kh1 Ng6 13. g3 Bf8 14. Qd3 Bd7 15. Rad1 Rad8 16. Nde2 b5 17. a3 a5 18. b4 axb4 19. axb4 Bg4 20. Bg2 Bc8 21. h3 h5 22. Nd4 d5 23. e5 Ne4 24. Nxe4 dxe4 25. Bxe4 Bxh3 26. Qc3 Qc8 27. Nxc6 Rxd1 28. Rxd1 Qg4 29. Qe1 h4 30. Rd2 hxg3 31. Nd4 Nxf4 32. Bf5 Qh4 33. Kg1 Rxe5 34. Bxh3 Nxh3+ 35. Kg2 Nf4+ 36. Kg1 Rh5 37. Kf1 Qh1+ 38. Bg1 Nh3 39. Ke2 Nxg1+ 0-1


[Site "https://www.chess.com"]

[Event "Titled Tuesday Blitz December 20 Early 2022"]
[White "NovikovaGalina"]
[Black "kritipatel"]
[WhiteElo "2400"]
[BlackElo "2085"]
[Result "1-0"]
[Round "07"]
[TimeControl "180+2"]
[Date "2022.12.20"]
[WhiteClock "0:00:14"]
[BlackClock "0:00:20"]

1. d4 d5 2. Nc3 Nf6 3. Bf4 a6 4. e3 Bf5 5. f3 e6 6. g4 Bg6 7. h4 h5 8. g5 Nfd7 9. Bd3 Nc6 10. Bxg6 fxg6 11. Qd3 Ne7 12. e4 Nb6 13. Nge2 Qd7 14. O-O-O O-O-O 15. Kb1 Nc4 16. Nc1 Qc6 17. Nb3 Qb6 18. Na4 Qb4 19. Nac5 dxe4 20. fxe4 Nc6 21. c3 Qb5 22. a4 Na3+ 23. bxa3 Qxd3+ 24. Rxd3 e5 25. Be3 Rd6 26. d5 Ne7 27. Ne6 c6 28. c4 Kd7 29. c5 Rxe6 30. dxe6+ Kxe6 31. Rd6+ Kf7 32. Rf1+ Kg8 33. Rd7 Kh7 34. Rd8 b5 35. Rfxf8 Rxf8 36. Rxf8 bxa4 37. Na5 Nc8 38. Rf7 Kg8 39. Rc7 Kh7 40. Nxc6 Kg8 41. Rxc8+ Kh7 42. Rc7 a5 43. Nxe5 Kg8 44. c6 Kh7 45. Rd7 Kg8 46. c7 Kh7 47. Re7 Kg8 48. c8=Q+ Kh7 49. Rxg7+ Kxg7 50. Qd7+ Kh8 51. Nxg6+ Kg8 52. Qe8+ Kg7 53. Bd4+ Kh7 54. Qf7# 1-0


[Site "https://www.chess.com"]

[Event "Titled Tuesday Blitz December 20 Early 2022"]
[White "NowInChess"]
[Black "Lasinika, M M D"]
[BlackFideId "9974555"]
[WhiteElo "2177"]
[BlackElo "1072"]
[Result "0-1"]
[Round "07"]
[TimeControl "180+2"]
[Date "2022.12.20"]
[WhiteClock "0:00:01"]
[BlackClock "0:00:25"]

1. e4 e6 2. d3 d5 3. Nd2 Nf6 4. Ngf3 c5 5. g3 Nc6 6. Bg2 d4 7. O-O e5 8. Nc4 Qc7 9. a4 Be6 10. b3 Nd7 11. Ng5 Qd8 12. Nxe6 fxe6 13. Qg4 Qe7 14. Bh3 Nd8 15. f4 Nf6 16. Qf3 exf4 17. Bxf4 Nf7 18. e5 Nd5 19. Nd6+ Nxd6 20. exd6 Qf6 21. Bxe6 Nxf4 22. Qxb7 Ne2+ 23. Kh1 Qxe6 24. Qxa8+ Kd7 25. Rae1 Bxd6 26. Qe4 Qxe4+ 27. dxe4 Nc3 28. Rf7+ Ke6 29. Rxa7 Rf8 30. Rxg7 Rf2 31. Rxh7 Be7 0-1


[Site "https://www.chess.com"]

[Event "Titled Tuesday Blitz December 20 Early 2022"]
[White "Ordekalog"]
[Black "alexrustemov"]
[WhiteElo "2796"]
[BlackElo "2891"]
[Result "1-0"]
[Round "07"]
[TimeControl "180+2"]
[Date "2022.12.20"]
[WhiteClock "0:00:31"]
[BlackClock "0:00:07"]

1. d4 g6 2. e4 Bg7 3. c3 d6 4. Bd3 Nf6 5. Ne2 O-O 6. O-O c5 7. h3 Qc7 8. Bg5 Nbd7 9. Nd2 b6 10. Rc1 Bb7 11. Bb1 a6 12. Ng3 Rac8 13. Re1 h6 14. Be3 b5 15. Nf3 Rfd8 16. Qd2 Kh7 17. a3 Nb6 18. b3 a5 19. Qe2 a4 20. dxc5 dxc5 21. Qxb5 Bc6 22. Qxc5 Nfd7 23. Qxe7 axb3 24. Qxf7 Rf8 25. Qxb3 Rxf3 26. gxf3 Rb8 27. Qf7 Rf8 28. Qe7 Rxf3 29. e5 Nd5 30. Qe6 Nxe5 31. Bxh6 Nf4 32. Bxf4 Rxf4 33. Rxe5 Qxe5 34. Qxg6+ Kg8 35. Qxc6 Rf8 36. Qc4+ Kh8 37. Qh4+ Kg8 38. Ba2+ Rf7 39. Bxf7+ Kxf7 40. Qh5+ 1-0


[Site "https://www.chess.com"]

[Event "Titled Tuesday Blitz December 20 Early 2022"]
[White "Pastana, Rafael Pedroni"]
[Black "Giorno, Sven"]
[WhiteFideId "2140756"]
[BlackFideId "20645082"]
[WhiteElo "1978"]
[BlackElo "2517"]
[Result "0-1"]
[Round "07"]
[TimeControl "180+2"]
[Date "2022.12.20"]
[WhiteClock "0:00:42"]
[BlackClock "0:00:16"]

1. e4 c5 2. Nf3 a6 3. c3 e6 4. Be2 d5 5. exd5 exd5 6. d4 Nf6 7. dxc5 Bxc5 8. O-O h6 9. Nbd2 O-O 10. Nb3 Bd6 11. h3 Nc6 12. Be3 Re8 13. Re1 Bf5 14. Nbd4 Be4 15. Nd2 Bg6 16. Bf3 Ne5 17. Be2 Ne4 18. Nxe4 dxe4 19. Qb3 Rb8 20. Rad1 Nd3 21. Bxd3 exd3 22. Nf3 b5 23. Bd4 Be4 24. Nd2 Bf5 25. Nf1 Qg5 26. Rxe8+ Rxe8 27. Qd5 Bb8 28. Ne3 Bg6 29. Qxg5 hxg5 30. Kf1 f6 31. g4 Be4 32. f3 Bxf3 33. Rxd3 Be4 34. Rd1 Kf7 35. Kf2 Rh8 36. Nf5 Rxh3 37. Bc5 Rh2+ 38. Ke3 Bc6 39. Nd6+ Kg6 40. Nf5 Bf4+ 41. Kd3 Bf3 42. Re1 Rd2# 0-1


[Site "https://www.chess.com"]

[Event "Titled Tuesday Blitz December 20 Early 2022"]
[White "Patricks, Anastasia"]
[Black "Tologon tegin, Semetei"]
[WhiteFideId "7101929"]
[BlackFideId "13800574"]
[WhiteElo "1778"]
[BlackElo "2372"]
[Result "0-1"]
[Round "07"]
[TimeControl "180+2"]
[Date "2022.12.20"]
[WhiteClock "0:00:51"]
[BlackClock "0:01:41"]

1. c4 Nf6 2. g3 e6 3. Bg2 c5 4. Nf3 Nc6 5. O-O d5 6. cxd5 Nxd5 7. Nc3 Be7 8. d3 O-O 9. Bd2 b6 10. Rc1 Bb7 11. a3 Rc8 12. Re1 Bf6 13. Qa4 a6 14. Qb3 Na5 15. Qa2 b5 16. Ne4 Be7 17. Qb1 c4 18. Bxa5 Qxa5 19. dxc4 bxc4 20. Ne5 Ne3 21. Nd7 Nxg2 22. Nxf8 Nxe1 23. Nd6 Bxd6 24. b4 Qd5 25. Qxh7+ Kxf8 26. f3 Nxf3+ 27. exf3 Qxf3 28. Rc2 Qd1+ 29. Kf2 Qd4+ 30. Ke1 c3 31. Rg2 Bxg2 0-1


[Site "https://www.chess.com"]

[Event "Titled Tuesday Blitz December 20 Early 2022"]
[White "PavelChernomordik"]
[Black "Van der Nat, Nicholas"]
[BlackFideId "14300427"]
[WhiteElo "2434"]
[BlackElo "2362"]
[Result "0-1"]
[Round "07"]
[TimeControl "180+2"]
[Date "2022.12.20"]
[WhiteClock "0:00:10"]
[BlackClock "0:00:13"]

1. e4 e5 2. Nf3 Nc6 3. Bb5 a6 4. Ba4 Nf6 5. Qe2 b5 6. Bb3 Be7 7. d4 d6 8. c3 O-O 9. h3 h6 10. a4 b4 11. a5 bxc3 12. bxc3 exd4 13. cxd4 Rb8 14. Bc4 d5 15. exd5 Bb4+ 16. Kf1 Re8 17. Be3 Nxd5 18. Bxa6 Nxa5 19. Nbd2 c5 20. Bb5 Nc3 21. Bxe8 Nxe2 22. Bxf7+ Kxf7 23. Kxe2 Ba6+ 24. Kd1 cxd4 25. Bf4 Rc8 26. Ne5+ Kg8 27. Re1 Qd5 28. Ng6 Bd3 29. Re5 Qf7 30. Raxa5 Bxg6 31. Rad5 Qxf4 0-1


[Site "https://www.chess.com"]

[Event "Titled Tuesday Blitz December 20 Early 2022"]
[White "Pietrek, Gerhard"]
[Black "Iskusnyh, Sergei"]
[WhiteFideId "24631698"]
[BlackFideId "4120027"]
[WhiteElo "1596"]
[BlackElo "2440"]
[Result "0-1"]
[Round "07"]
[TimeControl "180+2"]
[Date "2022.12.20"]
[WhiteClock "0:00:09"]
[BlackClock "0:00:24"]

1. e4 e6 2. d4 d5 3. exd5 exd5 4. Bd3 c5 5. dxc5 Bxc5 6. Nf3 Nf6 7. O-O O-O 8. Bg5 Nc6 9. Nbd2 h6 10. Bh4 Bb6 11. Nb3 Bg4 12. Be2 Re8 13. c3 Qd6 14. Bg3 Qd7 15. Nfd4 Bxe2 16. Nxe2 Ne4 17. Ned4 Rad8 18. Qd3 Qg4 19. f3 Qg6 20. fxe4 dxe4 21. Qc4 Ne5 22. Bxe5 Rxe5 23. Rae1 Rde8 24. Re2 Rh5 25. Kh1 Re7 26. Rf5 Rh4 27. Qc8+ Kh7 28. Rd5 Qg3 29. h3 Bc7 30. Kg1 Qh2+ 31. Kf2 Rf4+ 32. Ke1 e3 33. Nf3 Qh1+ 0-1


[Site "https://www.chess.com"]

[Event "Titled Tuesday Blitz December 20 Early 2022"]
[White "Pitcher, John"]
[Black "Kopylov_Alex"]
[WhiteFideId "411485"]
[WhiteElo "2210"]
[BlackElo "2790"]
[Result "1/2-1/2"]
[Round "07"]
[TimeControl "180+2"]
[Date "2022.12.20"]
[WhiteClock "0:00:10"]
[BlackClock "0:00:36"]

1. e4 e5 2. Nc3 Nc6 3. g3 h5 4. h3 h4 5. g4 Nge7 6. d3 Ng6 7. Nge2 Be7 8. f4 exf4 9. Nxf4 Nxf4 10. Bxf4 Bg5 11. Qd2 Bxf4 12. Qxf4 d6 13. Bg2 Be6 14. O-O Ne5 15. Rf2 Ng6 16. Qe3 c5 17. Rb1 O-O 18. Rbf1 Rb8 19. a4 a6 20. Ne2 b5 21. axb5 axb5 22. Nf4 Qg5 23. Qd2 Nxf4 24. Qxf4 Qxf4 25. Rxf4 g5 26. Rf6 Kg7 27. c3 Rb6 28. d4 cxd4 29. cxd4 Ra6 30. d5 Bc8 31. R1f2 b4 32. Bf1 Rb6 33. e5 Bb7 34. Bc4 Ba6 35. Bb3 Bd3 36. e6 Bg6 37. Kg2 Rb7 38. Kf1 Rc8 39. exf7 Rxf7 40. Rxf7+ Bxf7 41. Rf5 Kg6 42. Ke2 Rc1 43. Kd2 Rh1 44. Bc2 Kg7 45. Rxg5+ Kh6 46. Rf5 Bg6 47. Rf6 Rh2+ 48. Kd1 Rh1+ 49. Kd2 Rh2+ 50. Kd1 Rh1+ 51. Kd2 1/2-1/2


[Site "https://www.chess.com"]

[Event "Titled Tuesday Blitz December 20 Early 2022"]
[White "ProfessorChess101"]
[Black "Boudreaux, Floyd"]
[BlackFideId "2016370"]
[WhiteElo "2662"]
[BlackElo "2088"]
[Result "1-0"]
[Round "07"]
[TimeControl "180+2"]
[Date "2022.12.20"]
[WhiteClock "0:00:06"]
[BlackClock "0:00:04"]

1. d4 Nf6 2. Nf3 d5 3. Bf4 c5 4. e3 Nc6 5. Nbd2 Qb6 6. dxc5 Qxc5 7. Bd3 Bg4 8. h3 Bh5 9. g4 Bg6 10. Ne5 Nxe5 11. Bxe5 e6 12. Qe2 Bxd3 13. cxd3 Rc8 14. O-O Be7 15. Nb3 Qb6 16. Bd4 Qb5 17. Rac1 O-O 18. Kg2 a5 19. Nd2 Nd7 20. Nf3 f6 21. Qd2 e5 22. Bc3 b6 23. d4 e4 24. Nh4 g6 25. f3 f5 26. Qe1 Bxh4 27. Qxh4 Qe2+ 28. Qf2 exf3+ 29. Kg3 fxg4 30. Qxe2 fxe2 31. Rxf8+ Rxf8 32. hxg4 Rf1 33. Re1 Rxe1 34. Bxe1 Nf6 35. Kf3 g5 36. Bg3 Kf7 37. Kxe2 Nxg4 38. Bc7 b5 39. Bxa5 h5 40. b3 Kg6 41. a4 bxa4 42. bxa4 h4 43. Kf3 Kf5 44. Bc7 h3 45. a5 Nf6 46. a6 g4+ 47. Ke2 Ne4 48. a7 g3 49. a8=Q g2 50. Qxd5+ Kg4 51. Qxe4+ Kh5 52. Qf5+ Kh4 53. Bd8+ Kg3 54. Qf4# 1-0


[Site "https://www.chess.com"]

[Event "Titled Tuesday Blitz December 20 Early 2022"]
[White "Rakesh, Kumar Jena"]
[Black "HackingKid98"]
[WhiteFideId "5084822"]
[WhiteElo "2303"]
[BlackElo "2488"]
[Result "1-0"]
[Round "07"]
[TimeControl "180+2"]
[Date "2022.12.20"]
[WhiteClock "0:00:41"]
[BlackClock "0:01:11"]

1. e4 c5 2. Nf3 g6 3. c4 Nc6 4. d4 cxd4 5. Nxd4 Nf6 6. Nc3 d6 7. Nxc6 bxc6 8. Bd3 Bg7 9. O-O O-O 10. h3 Rb8 11. Qe2 Nd7 12. Be3 Qa5 13. Rac1 Ne5 14. Bb1 Be6 15. b3 c5 16. Nd5 Nc6 17. f4 Rb7 18. f5 Bxd5 19. exd5 Nd4 20. Bxd4 Bxd4+ 21. Kh1 Qd8 22. Rce1 a5 23. Qg4 Kg7 24. Re4 Bf6 25. Qg3 a4 26. Rg4 Rg8 27. fxg6 hxg6 28. h4 axb3 29. axb3 Rh8 30. Bxg6 fxg6 31. Rxg6+ Kh7 32. Qd3 Rxb3 33. Qf5 Qc8 34. Qh5# 1-0


[Site "https://www.chess.com"]

[Event "Titled Tuesday Blitz December 20 Early 2022"]
[White "Rakhmanov_Aleksandr"]
[Black "rasmussvane"]
[WhiteElo "2797"]
[BlackElo "2949"]
[Result "0-1"]
[Round "07"]
[TimeControl "180+2"]
[Date "2022.12.20"]
[WhiteClock "0:00:03"]
[BlackClock "0:00:08"]

1. d4 Nf6 2. c4 e6 3. Nc3 Bb4 4. e3 O-O 5. Nf3 Bxc3+ 6. bxc3 d6 7. Bd3 Re8 8. O-O e5 9. e4 exd4 10. cxd4 Nxe4 11. Bxe4 Rxe4 12. Ng5 Rg4 13. Re1 h6 14. Qe2 Bd7 15. Nf3 Rg6 16. d5 Na6 17. Bb2 Nc5 18. Qe3 Bg4 19. Nd4 Qd7 20. Nb3 Bh3 21. g3 Na4 22. Bd4 b6 23. f3 Bf5 24. Re2 Rf8 25. Rae1 c6 26. Qe7 cxd5 27. cxd5 Nc5 28. Qxd7 Bxd7 29. Re7 Rd8 30. f4 Kf8 31. R7e3 Re8 32. Rxe8+ Bxe8 33. Nxc5 bxc5 34. Bc3 f5 35. Ba5 Bf7 36. Bd8 Bxd5 37. a3 Be4 38. Bc7 d5 39. Rc1 c4 40. Be5 Ra6 41. Bb2 Kf7 42. Rd1 Rb6 43. Bd4 Rb3 44. Bxa7 c3 45. Bd4 c2 46. Rc1 Rxa3 47. Kf2 Rd3 48. Be3 Rd1 49. Ke2 d4 50. Bd2 d3+ 51. Ke3 Ke6 52. h4 h5 0-1


[Site "https://www.chess.com"]

[Event "Titled Tuesday Blitz December 20 Early 2022"]
[White "RamonManon0g"]
[Black "Bensenousi, Isk"]
[BlackFideId "4206010"]
[WhiteElo "2372"]
[BlackElo "2041"]
[Result "0-1"]
[Round "07"]
[TimeControl "180+2"]
[Date "2022.12.20"]
[WhiteClock "0:00:01"]
[BlackClock "0:00:03"]

1. e4 e5 2. Nf3 Nc6 3. Bc4 Bc5 4. c3 Nf6 5. d4 exd4 6. e5 d5 7. Bb5 Ne4 8. cxd4 Bb4+ 9. Nbd2 Nxd2 10. Bxd2 Bxd2+ 11. Qxd2 Bd7 12. Bd3 h6 13. h3 Ne7 14. O-O c6 15. Rae1 Be6 16. Qc2 Qb6 17. b3 a5 18. Rd1 Qb4 19. Qe2 a4 20. bxa4 Qxa4 21. Bb1 Qa6 22. Qd2 Qa5 23. Qe2 Kd7 24. Nh4 g5 25. f4 gxh4 26. f5 Raf8 27. fxe6+ fxe6 28. Rf6 Qc3 29. Qg4 Qe3+ 30. Kh1 Rxf6 31. exf6 Rg8 32. Qxg8 Nxg8 33. f7 Qe2 34. Rg1 Nf6 35. f8=Q Nh5 36. Qf7+ Kd8 37. Qf3 Ng3+ 38. Kh2 Qd2 39. Rd1 Qg5 40. Re1 Kc7 41. Rxe6 Qc1 42. Re7+ Kb8 43. Qf8+ Ka7 44. Rxb7+ Kxb7 45. Qb4+ Kc8 0-1


[Site "https://www.chess.com"]